 Dungeon Crawl Stone Soup version 0.24-a0-378-g94936e539c (webtiles) character file.

Game seed: 1967342020279566098

278181 mhoghedin the Brawler (level 19, -2/198 HPs)
             Began as a Troll Chaos Knight on May 31, 2019.
             Was a Plaything of Xom.
             Slain by a tentacled starspawn (17 damage)
             ... while paralysed by a lich
             ... on level 3 of the Abyss on June 1, 2019.
             The game lasted 01:27:50 (28273 turns).

mhoghedin the Brawler (Troll Chaos Knight)         Turns: 28273, Time: 01:27:52

Health: -2/198     AC: 12    Str: 36    XL:     19   Next: 19%
Magic:  0/23       EV:  1    Int:  8    God:    Xom [......]
Gold:   3803       SH:  0    Dex: 12    Spells: 18/18 levels left

rFire    + . .     SeeInvis .     - Unarmed
rCold    . . .     Gourm    +   l - +0 large shield of Compassion {rF- rCorr Str+6}
rNeg     . . .     Faith    .   q - +2 robe of Vines {NoPotionHeal Regen+7}
rPois    +         Spirit   +   R - +0 hat
rElec    +         Reflect  .   N - scarf {Spirit}
rCorr    +         Harm     .   (gloves unavailable)
MR       +....     Clarity  +   (boots unavailable)
Stlth    +.........             S - amulet "Yteollati" {RegenMP rElec rPois}
HPRegen  4.03/turn              (no ring)
MPRegen  0.43/turn              m - +4 ring of strength

@: paralysed, about to teleport
A: large, unfitting armour, antennae 1, claws 3, talons 3, repulsion field 1,
icy blue scales 1, yellow scales 1, clarity, fire resistance 2, fast metabolism
3, gourmand, poison resistance, regeneration 2, shaggy fur 1, tough skin 3, weak
1, wild magic 2, evolution 2
}: 3/15 runes: decaying, abyssal, gossamer
a: Renounce Religion


You were on level 3 of the Abyss.
You worshipped Xom.
You were a very special plaything of Xom.
You were completely stuffed.

You visited 5 branches of the dungeon, and saw 30 of its levels.
You visited the Abyss 1 time.
You also visited: Bailey and Ice Cave.

You collected 3803 gold pieces.

Inventory:

Hand Weapons
 a - the +6 arbalest "Damnation" {damnation}
   (You found it on level 11 of the Dungeon)
Missiles
 y - a throwing net {=f, !d}
 J - 308 bolts
Armour
 f - a +2 shield of positive energy
   (You acquired it on level 14 of the Dungeon)
 l - the +0 large shield of Compassion (worn) {rF- rCorr Str+6}
   (You acquired it on level 2 of the Abyss)

   It affects your strength (+6).
   It makes you vulnerable to fire.
   It provides partial protection from all sources of acid and corrosion.
 q - the +2 robe of Vines (worn) {NoPotionHeal Regen+7}
   (Xom gifted it to you on level 6 of the Lair of Beasts)

   It increases your rate of regeneration.
 N - a scarf of spirit shield (worn)
   (You found it on level 6 of the Lair of Beasts)
 R - a +0 hat (worn)
   (You acquired it on level 4 of the Lair of Beasts)
Jewellery
 g - an uncursed ring of flight {+Fly, !d}
   (You found it on level 3 of the Dungeon)
 k - an uncursed ring of resist corrosion
   (You found it on level 4 of the Dungeon)
 m - a +4 ring of strength (right claw)
   (You found it on level 4 of the Dungeon)
 C - an uncursed ring of protection from cold {rC+, !d}
   (You found it on level 8 of the Dungeon)
 S - the amulet "Yteollati" (around neck) {RegenMP rElec rPois}
   (You found it on level 2 of the Lair of Beasts)

   [amulet of magic regeneration]

   It increases your magic regeneration.
   It insulates you from electricity.
   It protects you from poison.
 U - an uncursed ring of magical power {MP+9}
   (You found it on level 6 of the Lair of Beasts)
Wands
 j - a wand of clouds (15)
   (You found it on level 2 of the Dungeon)
 u - a wand of acid (13)
   (You found it on level 6 of the Dungeon)
 x - a wand of enslavement (7)
   (You found it on level 15 of the Dungeon)
 B - a wand of polymorph (12)
   (You found it on level 4 of the Spider Nest)
 E - a wand of paralysis (8)
   (You found it on level 1 of the Abyss)
Scrolls
 c - 5 scrolls of blinking {!r}
 e - 15 scrolls of identify
 h - 23 scrolls of remove curse
 p - a scroll of silence
 r - 21 scrolls of teleportation
 t - a scroll of enchant weapon
 w - 4 scrolls of torment {!r}
 G - 5 scrolls of fear
 H - a scroll of holy word {!r}
 K - 3 scrolls of vulnerability {!r!r}
 O - 4 scrolls of fog
 T - a scroll of magic mapping {!r}
 W - 3 scrolls of immolation {!r}
 Y - 8 scrolls of enchant armour
Potions
 d - 8 potions of resistance
 i - a potion of invisibility
 n - 14 potions of curing
 o - 2 potions of mutation {!q}
 s - 3 potions of flight
 v - a potion of might
 A - a potion of magic
 D - 4 potions of haste
 L - 6 potions of ambrosia
 M - 2 potions of berserk rage {!q}
 P - 3 potions of cancellation
 Q - 5 potions of brilliance
 X - 3 potions of agility
 Z - a potion of heal wounds
Miscellaneous
 z - a crystal ball of energy
   (You found it on level 2 of the Swamp)
 I - a box of beasts
 V - a lamp of fire
   (You found it on level 4 of the Lair of Beasts)
Comestibles
 b - 55 rations
 F - 4 chunks of flesh {@w0}


   Skills:
 + Level 14.7 Fighting
 - Level 10.1 Armour
 - Level 13.7 Dodging
 + Level 10.5 Shields
 + Level 17.9 Unarmed Combat
 - Level 7.2 Evocations


You had 18 spell levels left.
You didn't know any spells.
Your spell library contained the following spells:

 Spells                   Type           Power        Failure   Level  Hunger
 Beastly Appendage        Tmut           #.....       87%         1    ##.....
 Flame Tongue             Conj/Fire      #....        87%         1    ##.....
 Shock                    Conj/Air       #...         87%         1    ##.....
 Sticks to Snakes         Tmut           #.......     94%         2    ###....
 Swiftness                Chrm/Air       #.......     94%         2    ###....
 Throw Flame              Conj/Fire      #.....       94%         2    ###....
 Conjure Flame            Conj/Fire      #.......     99%         3    ####...
 Inner Flame              Hex/Fire       #.......     99%         3    ####...
 Mephitic Cloud           Conj/Pois/Air  #.......     99%         3    ####...
 Spider Form              Tmut/Pois      #.........   99%         3    ####...
 Static Discharge         Conj/Air       #.......     99%         3    ####...
 Airstrike                Air            #.........   100%        4    #####..
 Ice Form                 Ice/Tmut       #.......     100%        4    #####..
 Sticky Flame             Conj/Fire      #.......     100%        4    #####..
 Alistair's Intoxication  Tmut/Pois      #.......     100%        5    ######.
 Blade Hands              Tmut           #.........   100%        5    ######.
 Fireball                 Conj/Fire      #.........   100%        5    ######.
 Iskenderun's Battlesphe  Conj/Chrm      #.......     100%        5    ######.
 Lightning Bolt           Conj/Air       #.........   100%        5    ######.


Dungeon Overview and Level Annotations

Branches:
Dungeon (15/15)            Temple (0/1) D:7            Lair (6/6) D:11
  Swamp (4/4) Lair:3       Spider (4/4) Lair:3        Slime (0/5) Lair:6
    Orc (1/2) D:10         Vaults (0/5) D:14         Depths (0/5) D:15

Altars:
Fedhas
Kikubaaqudgha
Ru
Vehumet
Wu Jian
Xom
Zin
Jiyva

Shops:
D:9 !?   D:10 [   D:12 =   Orc:1 %

Portals:
Trove: D:13 (give +4 shadow dragon scales)

Annotations:
D:14 exclusion: 2 oklob plants
Orc:1 Urug


Innate Abilities, Weirdness & Mutations

You are too large for most types of armour.
You have claws for hands.
Your metabolism is lightning-fast.
You like to eat raw meat.
You heal very quickly.
You are covered in fur. (AC +1)
You have extremely tough skin. (AC +3)
You have a pair of small antennae on your head.
You have claws for feet.
You are surrounded by a mild repulsion field. (EV +2)
You are partially covered in icy blue scales. (AC +2)
You are partially covered in yellow scales. (AC +2)
You possess an exceptional clarity of mind.
Your flesh is very heat resistant. (rF++)
Your system is resistant to poisons. (rPois)
You are weak. (Str -2)
Your spells are harder to cast, but more powerful.
You rapidly evolve.


Message History

You regained 2 hp, and now have 105/198 hp.
You claw the quicksilver dragon!
You claw the quicksilver dragon, but do no damage.
The quicksilver dragon bites you but does no damage.
The quicksilver dragon closely misses you.
You block the quicksilver dragon's attack. x2
You regained 4 hp, and now have 109/198 hp.
You miss the quicksilver dragon.
Your kick misses the quicksilver dragon.
The sixfirhy barely misses you. The quicksilver dragon bites you!
You block the quicksilver dragon's attack.
You take 10 damage, and have 99/198 hp.
You block the sixfirhy's attack. The sixfirhy misses you.
You block the sixfirhy's attack.
You regained 4 hp, and now have 103/198 hp.
The quicksilver dragon breathes dispelling energy at you.
The bolt of dispelling energy hits you!!
You take 24 damage, and have 79/198 hp.
You now have 11/23 mp.
You regained 5 hp, and now have 84/198 hp.
You regained 4 hp, and now have 88/198 hp.
You miss the quicksilver dragon.
You block the quicksilver dragon's attack.
The quicksilver dragon claws you.
You take 2 damage, and have 86/198 hp.
You mangle the quicksilver dragon!!
Your kick misses the quicksilver dragon.
You block the quicksilver dragon's attack.
The quicksilver dragon claws you!
You take 8 damage, and have 78/198 hp.
You now have 10/23 mp.
You scratch the quicksilver dragon but do no damage.
Your kick misses the quicksilver dragon.
The quicksilver dragon breathes dispelling energy at you.
The bolt of dispelling energy hits you!!
* * * LOW HITPOINT WARNING * * *
You take 23 damage, and have 55/198 hp.
You now have 6/23 mp.
Unknown command.
You miss the quicksilver dragon. You claw the quicksilver dragon.
The quicksilver dragon closely misses you.
You block the quicksilver dragon's attack.
You regained 2 hp, and now have 57/198 hp.
You eviscerate the quicksilver dragon!!!
You kill the quicksilver dragon!
The quicksilver dragon scales are intact enough to wear.
The lich casts a spell.
The lich seems to speed up.
You regained 3 hp, and now have 60/198 hp.
Okay, then.
As you read the scroll of teleportation, it crumbles to dust.
You feel strangely unstable.
You feel the power of the Abyss delaying your translocation!
The shadow strikes at you from the darkness!
You regained 4 hp, and now have 64/198 hp.
You regained 4 hp, and now have 68/198 hp.
You mangle something!! You claw something.
The shadow strikes at you from the darkness!
Reactivating autopickup.
You eviscerate the shadow!!!
You destroy the shadow!
The lich conjures a glowing orb.
You block the orb of destruction.
You regained 3 hp, and now have 71/198 hp.
You scratch the lich. Your kick misses the lich.
The sixfirhy completely misses you.
A tentacled starspawn comes into view.
You block the lich's attack.
A small abomination comes into view.
You regained 3 hp, and now have 74/198 hp.
You scratch the lich. You claw the lich, but do no damage.
The sixfirhy barely misses you. You block the sixfirhy's attack.
The lich touches you but does no damage.
You block the sixfirhy's attack.
You regained 3 hp, and now have 77/198 hp.
You claw the lich! You claw the lich, but do no damage.
You block the sixfirhy's attack. You block the lich's attack.
You regained 2 hp, and now have 79/198 hp.
You mangle the lich!! Your kick misses the lich.
The lich gestures at you while chanting.
You suddenly lose the ability to move!
The lich touches you but does no damage.
The lich touches you! The small abomination hits you!
The tentacled starspawn bites you but does no damage.
The tentacled starspawn engulfs you. The lich casts a spell at you.
You shrug off the repeated paralysis!
The small abomination hits you!!
* * * LOW HITPOINT WARNING * * *
Xom's power touches on a nearby monster.
The sixfirhy evaporates and reforms as a soul eater!
The lich touches you but does no damage.
The tentacled starspawn bites you.
* * * LOW HITPOINT WARNING * * *
The tentacled starspawn engulfs you!!
* * * LOW HITPOINT WARNING * * *
The small abomination hits you.
* * * LOW HITPOINT WARNING * * *
The lich touches you!
* * * LOW HITPOINT WARNING * * *
The tentacled starspawn bites you!!
You die...
Xom howls with laughter!

.. .#..#.#
.. # ...
.#..≈ # #
#. #. . #
.# # #..
#### ..
#### #..
#......###
. . #..#..
.##3.# ...
# † ##>.
.#XL#....#
##. .# ÷
###@....#
..#.÷ ##
.#.x.#.# .
#.) .†#
##..##..#.#
. #. #.# .
.# ..#...
...#...##
...#. .#.#
# ##. .
#..# .## .
.#.. ..#
... .


You could see a tentacled starspawn, a lich, a soul eater and a small
abomination.

Vanquished Creatures
  A bone dragon (Abyss:3)
  A tentacled monstrosity (Swamp:3)
  An Ice Fiend (IceCv)
  A quicksilver dragon (Abyss:3)
  A lich (Abyss:3)
  An Executioner (Abyss:3)
  The ghost of mhoghedin the Brawler, an adept TrCK of Xom (Spider:4)
  6 tentacled starspawn
  Agnes (Spider:2)
  An azure jelly (Swamp:1)
  2 nagarajas (Abyss:3)
  5 ghost moths
  A balrug (Abyss:3)
  A deep elf sorcerer (Abyss:3)
  An orc warlord (Bailey)
  2 cacodemons
  8 emperor scorpions
  5 entropy weavers
  A lorocyproca (Abyss:3)
  A red draconian (Abyss:1)
  2 spark wasps (Spider:4)
  A fire dragon (D:15)
  A green death (Abyss:2)
  Josephine (Swamp:1)
  A great orb of eyes (Swamp:4)
  4 vault guards (D:14)
  An ogre mage (Orc:1)
  Erolcha (D:12)
  An ice dragon (D:15)
  3 catoblepae (Lair:6)
  14 hydras
  4 centaur warriors
  11 two-headed ogres
  A tengu warrior (D:14)
  6 alligators
  12 thrashing horrors
  6 death yaks
  A queen ant (Lair:5)
  3 hell hogs (Abyss:2)
  16 large abominations
  A soul eater (Abyss:1)
  A skeletal warrior (D:14)
  Sonja (Lair:5)
  A sun demon (Abyss:1)
  2 sixfirhies
  7 wretched stars
  A spectral ghost moth (Spider:4)
  5 unseen horrors
  14 swamp dragons
  A flayed ghost (Abyss:3)
  A death drake (D:13)
  A spriggan druid (Swamp:4)
  A spectral wolf spider (Spider:4)
  4 lindwurms
  An orc knight (Bailey)
  A phantasmal warrior (Abyss:1)
  A deep elf mage (D:13)
  18 ugly things
  34 wolf spiders
  18 orb spiders
  5 worldbinders
  An oklob plant (D:14)
  5 manticores
  3 moths of wrath
  3 apocalypse crabs
  2 ice statues (IceCv)
  A torpor snail (Spider:3)
  7 smoke demons
  An orange demon (Abyss:1)
  2 gargoyles
  A spiny frog (shapeshifter) (D:15)
  A spectral redback (Spider:4)
  14 spiny frogs
  2 rime drakes (Lair:5)
  A kobold demonologist (D:15)
  An efreet (D:13)
  3 komodo dragons
  An anaconda simulacrum (IceCv)
  11 ice devils (IceCv)
  A golden dragon simulacrum (IceCv)
  2 freezing wraiths (Swamp:1)
  4 hellwings
  An entropy weaver simulacrum (Spider:4)
  6 ancient zymes
  The ghost of Gorice the Slasher, an amateur MiWn (D:4)
  30 jumping spiders
  A tengu conjurer (D:14)
  22 demonic crawlers
  A silent spectre (Abyss:1)
  19 hornets
  A polar bear (Lair:4)
  5 trolls
  12 tyrant leeches
  A spectral tarantella (Spider:4)
  9 slime creatures
  26 raiju
  4 blink frogs
  8 hippogriffs
  2 bog bodies (Swamp:2)
  A meliai zombie (D:14)
  A hippogriff (shapeshifter) (Spider:4)
  An ettin zombie (Abyss:1)
  10 dream sheep
  A shapeshifter (Abyss:2)
  2 spriggans
  62 redbacks
  3 shadows
  6 wraiths
  52 yaks
  39 tarantellas
  2 vampires
  5 ynoxinuls
  6 wyverns
  A yak (shapeshifter) (D:14)
  6 golden eyes (Abyss:3)
  28 vampire mosquitoes
  6 basilisks
  2 hungry ghosts
  3 neqoxecs
  A steam dragon (D:10)
  3 chaos spawn (Abyss:3)
  20 swamp worms
  4 harpy simulacra (IceCv)
  8 soldier ants
  8 insubstantial wisps
  3 acid dragons (D:15)
  A spatial vortex (Abyss:3)
  4 hydra simulacra (IceCv)
  A floating eye (D:14)
  7 hell hounds (Abyss:3)
  3 porcupines
  7 water moccasins
  A jumping spider simulacrum (Spider:4)
  A hornet zombie (D:10)
  6 swamp drakes
  7 phantoms
  23 orc warriors
  5 ice beasts
  A tarantella simulacrum (Spider:4)
  16 small abominations
  6 sky beasts
  3 eyes of draining
  6 wolves (Lair:2)
  11 ogres
  13 centaurs
  28 crocodiles
  6 big kobolds
  14 bullfrogs
  An orb spider simulacrum (Spider:4)
  A wyvern zombie (D:8)
  3 scorpions
  3 killer bees (D:13)
  8 wights
  2 vampire bats (Lair:5)
  6 howler monkeys
  3 electric eels
  4 centaur zombies
  6 crimson imps
  2 bullfrog zombies
  3 quasits
  37 starcursed masses
  11 hounds
  5 jellies
  13 orc priests
  2 gnoll shamans
  4 bullfrog skeletons
  7 centaur skeletons
  2 iron imps
  13 iguanas
  21 worker ants
  Natasha (twice) (D:2)
  20 orc wizards
  2 hound zombies
  A hound skeleton (D:4)
  24 gnolls
  21 adders
  2 river rats (D:6)
  A shadow imp (D:5)
  4 white imps
  2 ufetubi (Abyss:1)
  An adder skeleton (D:8)
  An adder zombie (D:5)
  2 dart slugs
  3 worms
  7 leopard geckos
  107 orcs
  6 giant cockroaches
  23 goblins
  22 hobgoblins
  9 jackals
  27 kobolds
  3 quokkas
  13 bats
  12 frilled lizards
  A jackal zombie (D:5)
  A quokka zombie (D:5)
  8 rats
  A butterfly (Lair:2)
  2 fungi
  A lurking horror (Abyss:3)
  A plant (Lair:3)
  4 starspawn tentacles (Abyss:3)
1412 creatures vanquished.

Vanquished Creatures (collateral kills)
  A tentacled starspawn (Abyss:3)
  A satyr (Abyss:3)
  A hydra (Swamp:4)
  An oklob plant (Lair:5)
  A large abomination (Abyss:2)
  A guardian serpent (Abyss:3)
  3 jumping spiders (Spider:3)
  A redback (Spider:2)
  3 tarantellas
  A swamp worm (Swamp:3)
  An orc warrior (D:7)
  A centaur (D:7)
  A big kobold (D:7)
  A starcursed mass (Abyss:2)
  A hound (D:7)
  An orc wizard (D:7)
  A gnoll (D:7)
  A howler monkey skeleton (D:5)
  8 kobolds (D:7)
30 creatures vanquished.

Vanquished Creatures (others)
  A dancing weapon (Abyss:3)
  A hell hog (Abyss:2)
  A large abomination (Abyss:1)
  A wolf spider (Spider:1)
  A tarantella (Spider:4)
  A yak (D:12)
  2 small abominations (Abyss:3)
  A crocodile (Lair:5)
  2 worker ants (Lair:5)
  An orc (Orc:1)
  7 fungi
  3 plants (Lair:3)
  13 starspawn tentacles
35 creatures vanquished.

Grand Total: 1477 creatures vanquished

Notes
Turn   | Place    | Note
-------+----------+-------------------------------------------
     0 | D:1      | mhoghedin the Troll Chaos Knight began the quest for the
                  | Orb.
     0 | D:1      | Reached XP level 1. HP: 22/22 MP: 0/0
   195 | D:1      | Reached XP level 2. HP: 29/29 MP: 1/1
   581 | D:1      | XOM: silly message
   691 | D:2      | XOM: swap monsters
   702 | D:2      | XOM: give mutations
   702 | D:2      | Gained mutation: Your body sometimes deteriorates upon
                  | taking damage. [Xom's mischief]
   702 | D:2      | Gained mutation: You are dopey. (Int -2) [Xom's mischief]
   702 | D:2      | Gained mutation: You are partially covered in yellow
                  | scales. (AC +2) [Xom's mischief]
   702 | D:2      | Gained mutation: You possess an exceptional clarity of
                  | mind. [Xom's mischief]
   748 | D:2      | XOM: noise
   763 | D:2      | Reached skill level 4 in Unarmed Combat
   769 | D:2      | Reached XP level 3. HP: 35/36 MP: 2/2
   852 | D:2      | XOM is BORED!
   870 | D:2      | Found a faded altar of an unknown god.
   921 | D:2      | Noticed Natasha
   922 | D:2      | XOM: divination: detect items
   938 | D:2      | Killed Natasha
   961 | D:2      | Reached skill level 5 in Unarmed Combat
   961 | D:2      | Reached XP level 4. HP: 44/44 MP: 3/3
  1193 | D:2      | Noticed Natasha
  1201 | D:2      | Killed Natasha
  1382 | D:3      | Reached XP level 5. HP: 46/50 MP: 4/4
  1483 | D:3      | XOM: polymorph bat -> goblin
  1528 | D:3      | XOM: god gift: 58 gold pieces
  1559 | D:3      | Noticed a hippogriff
  1570 | D:3      | Killed a hippogriff
  1570 | D:3      | Reached skill level 7 in Unarmed Combat
  1570 | D:3      | Reached XP level 6. HP: 35/59 MP: 5/5
  1790 | D:3      | XOM: mild Conj miscast
  1814 | D:3      | Found a sacrificial altar of Ru.
  1815 | D:3      | Found a radiant altar of Vehumet.
  1961 | D:4      | XOM: 2-stop teleportation journey
  1974 | D:4      | XOM: cleaving
  1976 | D:4      | XOM: cleaving
  1980 | D:4      | XOM: polymorph adder -> giant cockroach
  2033 | D:4      | Reached skill level 8 in Unarmed Combat
  2040 | D:4      | XOM: chaos upgrade
  2050 | D:4      | HP: 10/59 [ogre/+1 giant spiked club of chaos (31)]
  2052 | D:4      | XOM: 1-stop teleportation journey
  2072 | D:4      | HP: 13/59 [ogre/+1 giant spiked club of chaos (3)]
  2077 | D:4      | HP: 4/88 [ogre/+1 giant spiked club of chaos (9)]
  2078 | D:4      | Reached XP level 7. HP: 5/66 MP: 6/6
  2220 | D:4      | Found a blossoming altar of Fedhas.
  2394 | D:4      | Reached skill level 9 in Unarmed Combat
  2541 | D:4      | XOM: polymorph worker ant -> scorpion
  2542 | D:4      | Found a large runed translucent door.
  2542 | D:4      | Found a large runed translucent door.
  2542 | D:4      | XOM: swap monsters
  2543 | D:4      | Noticed Gorice's ghost (amateur MiWn)
  2629 | D:4      | XOM: give mutations
  2629 | D:4      | Gained mutation: You are clumsy. (Dex -2) [Xom's mischief]
  2629 | D:4      | Gained mutation: You are very clumsy. (Dex -4) [Xom's
                  | mischief]
  2629 | D:4      | Lost mutation: You are very clumsy. (Dex -4) [Xom's
                  | mischief]
  2629 | D:4      | Gained mutation: You are partially covered in icy blue
                  | scales. (AC +2) [Xom's mischief]
  2793 | D:4      | XOM: harmless Ice miscast
  2879 | D:4      | XOM: give mutations
  2879 | D:4      | Gained mutation: You have very sharp teeth. [Xom's grace]
  2879 | D:4      | Gained mutation: You are resistant to hostile enchantments.
                  | (MR+) [Xom's grace]
  2895 | D:4      | XOM: god gift: +8 frozen axe "Frostbite" {freezing cloud,
                  | *Noise +Fly rC+}
  2896 | D:4      | Found the +8 frozen axe "Frostbite" {freezing cloud, *Noise
                  | +Fly rC+}
  2904 | D:4      | Reached XP level 8. HP: 63/74 MP: 7/7
  3008 | D:4      | Killed Gorice's ghost
  3008 | D:4      | Reached skill level 10 in Unarmed Combat
  3074 | D:5      | Entered Level 5 of the Dungeon
  3106 | D:5      | XOM: fog
  3148 | D:5      | XOM: summons 5 friendly demons
  3484 | D:5      | Reached skill level 11 in Unarmed Combat
  3735 | D:6      | XOM: scenery: create altars
  3855 | D:6      | Reached skill level 1 in Shields
  3947 | D:6      | Reached skill level 3 in Fighting
  3947 | D:6      | Reached skill level 2 in Dodging
  4031 | D:6      | Found a glowing drain.
  4112 | D:6      | XOM: give mutation
  4112 | D:6      | Gained mutation: You are highly resistant to hostile
                  | enchantments. (MR++) [Xom's grace]
  4169 | D:6      | XOM: scenery: create altars
  4238 | D:6      | XOM: fog
  4253 | D:6      | Reached skill level 2 in Shields
  4253 | D:6      | Reached XP level 9. HP: 79/83 MP: 8/8
  4287 | D:6      | XOM: give mutations
  4287 | D:6      | Gained mutation: You have a somewhat thin skeletal
                  | structure. (Dex +2, Stealth) [Xom's grace]
  4287 | D:6      | Gained mutation: Your spells are a little harder to cast,
                  | but a little more powerful. [Xom's grace]
  4357 | D:7      | XOM: confuse monster(s)
  4364 | D:7      | XOM: summons friendly white imp
  4377 | D:7      | Reached skill level 3 in Dodging
  4398 | D:7      | Identified the cursed +0 leather armour of Duck's Teeth
                  | {rElec}
  4443 | D:7      | Reached skill level 4 in Fighting
  4489 | D:7      | Reached skill level 3 in Shields
  4520 | D:7      | XOM: give mutations
  4520 | D:7      | Gained mutation: Your muscles are strong. (Str +2) [Xom's
                  | grace]
  4520 | D:7      | Gained mutation: Your muscles are very strong. (Str +4)
                  | [Xom's grace]
  4520 | D:7      | Gained mutation: Your system is resistant to poisons.
                  | (rPois) [Xom's grace]
  4538 | D:7      | XOM: polymorph white imp -> iron imp
  4540 | D:7      | Found a staircase to the Ecumenical Temple.
  4755 | D:7      | XOM: harmless Pois miscast
  4890 | D:8      | XOM: medium Necr miscast
  4949 | D:8      | Reached skill level 4 in Dodging
  4961 | D:8      | XOM: mild Necr miscast
  5069 | D:8      | XOM: medium Ice miscast
  5155 | D:8      | Reached skill level 5 in Fighting
  5155 | D:8      | Reached skill level 4 in Shields
  5187 | D:8      | XOM: summons 1 hostile demon
  5285 | D:8      | XOM: god gift: wand of clouds (4)
  5299 | D:8      | Reached XP level 10. HP: 84/95 MP: 9/9
  5347 | D:8      | Noticed a two-headed ogre
  5349 | D:8      | XOM: cleaving
  5353 | D:8      | XOM: divine lightning
  5354 | D:8      | Killed a two-headed ogre
  5354 | D:8      | Reached skill level 5 in Dodging
  5384 | D:8      | XOM: enchant monster (good)
  5420 | D:8      | XOM: confuse monster(s)
  5536 | D:8      | XOM: divination: detect items
  5627 | D:9      | Reached skill level 5 in Shields
  5636 | D:9      | XOM: harmless Pois miscast
  5746 | D:9      | Reached skill level 6 in Fighting
  5959 | D:9      | Noticed a two-headed ogre
  5968 | D:9      | Killed a two-headed ogre
  5978 | D:9      | Reached skill level 6 in Dodging
  5980 | D:9      | XOM: harmless Tmut miscast
  5987 | D:9      | XOM: summons 3 hostile demons
  5988 | D:9      | Noticed a smoke demon
  6011 | D:9      | Reached skill level 6 in Shields
  6272 | D:9      | Found Kosok's Magic Scroll Emporium.
  6284 | D:9      | Found an ornate altar of the Wu Jian Council.
  6415 | D:9      | Found Doik's Distillery.
  6535 | D:9      | Found Toufa Ebann's Distillery.
  6698 | D:9      | XOM: give mutations
  6698 | D:9      | Lost mutation: Your body sometimes deteriorates upon taking
                  | damage. [Xom's mischief]
  6698 | D:9      | Lost mutation: Your muscles are very strong. (Str +4)
                  | [Xom's mischief]
  6698 | D:9      | Lost mutation: Your muscles are strong. (Str +2) [Xom's
                  | mischief]
  6739 | D:10     | Entered Level 10 of the Dungeon
  6740 | D:10     | XOM: scenery: create altars
  6747 | D:10     | XOM: torment (48/99 hp)
  6756 | D:10     | XOM: divination: detect items
  6768 | D:10     | XOM: stat loss: -1 Int (5/6)
  6776 | D:10     | Reached XP level 11. HP: 49/106 MP: 10/10
  6789 | D:10     | Reached skill level 7 in Fighting
  6842 | D:10     | XOM: give mutations
  6842 | D:10     | Lost mutation: You are dopey. (Int -2) [Xom's mischief]
  6842 | D:10     | Lost mutation: You are highly resistant to hostile
                  | enchantments. (MR++) [Xom's mischief]
  6860 | D:10     | Found a staircase to the Orcish Mines.
  6876 | D:10     | Found Meagot's Armour Boutique.
  6895 | D:10     | XOM: repel stairs
  7060 | D:10     | Found a glowing silver altar of Zin.
  7115 | D:10     | Killed an unseen horror
  7115 | D:10     | Reached skill level 7 in Dodging
  7313 | D:10     | XOM: mild Summ miscast
  7543 | D:11     | Noticed a red ugly thing
  7553 | D:11     | XOM: torment (53/108 hp)
  7573 | D:11     | XOM: torment (39/108 hp)
  7582 | D:11     | XOM: 1-stop teleportation journey
  7596 | D:11     | Reached skill level 1 in Armour
  7812 | D:11     | Reached skill level 7 in Shields
  7838 | D:11     | Noticed a cyan ugly thing
  7846 | D:11     | Killed a cyan ugly thing
  7882 | D:11     | XOM: medium Tloc miscast
  7975 | D:11     | XOM: 1-stop teleportation journey
  7991 | D:11     | XOM: stat loss: -1 Dex (10/11)
  8028 | D:11     | XOM: give mutations
  8028 | D:11     | Gained mutation: You are robust. (+10% HP) [Xom's grace]
  8028 | D:11     | Gained mutation: You evolve. [Xom's grace]
  8028 | D:11     | Gained mutation: You have a pair of small antennae on your
                  | head. [Xom's grace]
  8028 | D:11     | Gained mutation: You have sharp toenails. [Xom's grace]
  8041 | D:11     | Reached skill level 2 in Armour
  8084 | D:11     | Found a staircase to the Lair.
  8120 | D:11     | Found the +6 arbalest "Damnation" {damnation}
  8317 | D:7      | XOM: draining
  8509 | D:3      | XOM: summons 1 hostile shadow creature
  8849 | Lair:1   | Entered Level 1 of the Lair of Beasts
  9252 | Lair:1   | XOM: mild Erth miscast
  9400 | Lair:1   | Noticed an eight-headed hydra
  9438 | D:11     | XOM: divination: detect items
  9530 | Lair:1   | XOM: give mutations
  9530 | Lair:1   | Gained mutation: Your spells are harder to cast, but more
                  | powerful. [Xom's grace]
  9530 | Lair:1   | Lost mutation: You are clumsy. (Dex -2) [Xom's grace]
  9530 | Lair:1   | Gained mutation: You have razor-sharp toenails. [Xom's
                  | grace]
  9601 | Lair:1   | XOM: cloud trail
  9648 | Lair:1   | Killed an 11-headed hydra
  9648 | Lair:1   | Reached skill level 8 in Fighting
  9858 | Lair:2   | XOM: scenery: create altars
  9864 | Lair:2   | XOM: 1-stop teleportation journey
  9877 | Lair:2   | XOM: scenery: create altars
  9895 | Lair:2   | Reached XP level 12. HP: 129/129 MP: 11/11
  9925 | Lair:2   | Reached skill level 3 in Armour
  9927 | Lair:2   | XOM: cleaving
  9934 | Lair:2   | Got a scorched garnet amulet
  9935 | Lair:2   | Identified the amulet "Yteollati" {RegenMP rElec rPois}
                  | (You found it on level 2 of the Lair of Beasts)
 10019 | Lair:2   | XOM: confuse monster(s)
 10131 | Lair:2   | XOM: give mutation
 10131 | Lair:2   | Gained mutation: Your flesh is heat resistant. (rF+) [Xom's
                  | grace]
 10150 | Lair:2   | XOM: god gift: shimmering brass amulet {god gift}
 10151 | Lair:2   | Got a shimmering brass amulet {god gift}
 10154 | Lair:2   | Identified the amulet of Xoupeani {Spirit MR+ Str+3 Dex+2}
                  | (Xom gifted it to you on level 2 of the Lair of Beasts)
 10235 | Lair:2   | Reached skill level 8 in Dodging
 10372 | Lair:2   | XOM: divination: detect creatures
 10598 | Lair:2   | XOM: enchant monster (good)
 10695 | Lair:3   | XOM: god gift: 17 stones
 10724 | Lair:3   | XOM: blink monster(s)
 10728 | Lair:3   | XOM: summons friendly quasit
 10731 | Lair:3   | Reached skill level 8 in Shields
 10742 | Lair:3   | Reached skill level 12 in Unarmed Combat
 10769 | Lair:3   | Reached skill level 4 in Armour
 10971 | Lair:3   | Found a hole to the Spider Nest.
 11022 | Lair:3   | Noticed an eight-headed hydra
 11025 | Lair:3   | Killed an eight-headed hydra
 11093 | Lair:3   | XOM: summons 2 friendly demons
 11223 | Lair:3   | Reached skill level 9 in Fighting
 11270 | Lair:3   | Found a staircase to the Swamp.
 11273 | Lair:3   | XOM: divination: detect items
 11605 | Lair:4   | XOM: harmless Erth miscast
 11725 | Lair:4   | XOM: destruction
 11821 | Lair:4   | XOM: god gift: 12 arrows
 11829 | Lair:4   | Identified a scroll of acquirement
 12148 | Lair:4   | XOM: give mutations
 12148 | Lair:4   | Gained mutation: Your muscles are strong. (Str +2) [Xom's
                  | grace]
 12148 | Lair:4   | Lost mutation: You evolve. [Xom's grace]
 12148 | Lair:4   | Gained mutation: You are somewhat resistant to further
                  | mutation. [Xom's grace]
 12148 | Lair:4   | Gained mutation: Your muscles are very strong. (Str +4)
                  | [Xom's grace]
 12148 | Lair:4   | Gained mutation: Your flesh is very heat resistant. (rF++)
                  | [Xom's grace]
 12161 | Lair:4   | XOM: scenery: 1 doors open
 12232 | Lair:5   | XOM: summons 3 friendly demons
 12258 | Lair:5   | Noticed Sonja
 12262 | Lair:5   | Killed Sonja
 12262 | Lair:5   | Reached skill level 5 in Armour
 12262 | Lair:5   | Reached XP level 13. HP: 143/143 MP: 12/12
 12304 | Lair:5   | XOM: cloud trail
 12444 | Lair:5   | Reached skill level 9 in Dodging
 12563 | Lair:5   | XOM: fog
 12565 | Lair:5   | XOM: potion effect (magic)
 12565 | Lair:5   | HP: 32/143 [eight-headed hydra (6)]
 12935 | Lair:6   | Entered Level 6 of the Lair of Beasts
 12988 | Lair:6   | Noticed an entropy weaver
 12990 | Lair:6   | Noticed an entropy weaver
 13037 | Lair:5   | Upgraded the game from 0.24-a0-375-g4de66ed42b to
                  | 0.24-a0-378-g94936e539c
 13039 | Lair:6   | XOM: enchant monster (good)
 13040 | Lair:5   | XOM: divine lightning
 13130 | Lair:5   | Killed an entropy weaver
 13179 | Lair:5   | XOM: fog
 13186 | Lair:5   | XOM: confuse monster(s)
 13228 | Lair:6   | XOM: god gift: +2 robe of Vines {NoPotionHeal Regen+7}
 13229 | Lair:6   | Found the +2 robe of Vines {NoPotionHeal Regen+7}
 13231 | Lair:6   | Killed an entropy weaver
 13317 | Lair:6   | XOM: 4-stop teleportation journey
 13448 | Lair:6   | XOM: god gift: glowing helmet {god gift}
 13534 | Lair:6   | Found a viscous altar of Jiyva.
 13534 | Lair:6   | Found a staircase to the Slime Pits.
 13614 | Lair:6   | Reached skill level 6 in Armour
 13624 | Lair:6   | XOM: noise
 13629 | Lair:6   | XOM: polymorph death yak -> five-headed hydra
 13633 | Lair:6   | Reached skill level 13 in Unarmed Combat
 13660 | Lair:5   | XOM: summons 8 friendly demons
 13667 | Lair:5   | XOM: enchant monster (good)
 13673 | Lair:5   | XOM: enchant monster (good)
 13685 | Lair:5   | XOM: divination: detect items
 13755 | Lair:5   | XOM: harmless Summ miscast
 13773 | Lair:5   | Reached skill level 10 in Fighting
 13934 | Lair:6   | XOM: fog
 14107 | Lair:6   | XOM: scenery: create altars
 14308 | Lair:3   | XOM: scenery: create altars
 14352 | D:11     | Identified Emuacwi's Compendium of Combat Magic and
                  | Intoxication (Xom gifted it to you on level 11 of the
                  | Dungeon)
 14352 | D:11     | XOM: god gift: Emuacwi's Compendium of Combat Magic and
                  | Intoxication
 14619 | D:12     | XOM: mild Air miscast
 14656 | D:12     | Noticed Erolcha
 14658 | D:12     | Reached XP level 14. HP: 130/156 MP: 13/13
 14661 | D:12     | XOM: divination: detect creatures
 14664 | D:12     | Killed Erolcha
 14664 | D:12     | Reached skill level 10 in Dodging
 14754 | D:12     | Reached skill level 7 in Armour
 14799 | D:12     | XOM: smoke on damage
 14804 | D:12     | XOM: confuse monster(s)
 14813 | D:12     | XOM: cast spell 'Disjunction'
 14856 | D:12     | Found Xalutyg's Jewellery Boutique.
 15177 | D:13     | Found an ancient bone altar of Kikubaaqudgha.
 15204 | D:13     | XOM: cleaving
 15501 | D:13     | Found a portal to a secret trove of treasure.
 15531 | D:13     | XOM: cleaving
 15825 | D:13     | XOM: give mutation
 15825 | D:13     | Gained mutation: Your flesh is almost immune to the effects
                  | of heat. (rF+++) [Xom's grace]
 15906 | D:13     | Noticed Nessos
 15913 | D:13     | Noticed Nessos
 15913 | D:13     | Nessos changed into Nessos the death drake
 15913 | D:13     | XOM: polymorph Nessos -> Nessos the death drake
 15916 | D:13     | Killed Nessos the death drake
 15920 | D:13     | XOM: give mutations
 15920 | D:13     | Gained mutation: Your skin changes colour to match your
                  | surroundings (Stealth+). [Xom's grace]
 15920 | D:13     | Gained mutation: Your spells are much harder to cast, but
                  | much more powerful. [Xom's grace]
 15920 | D:13     | Gained mutation: You have claws for feet. [Xom's grace]
 15920 | D:13     | Lost mutation: You are somewhat resistant to further
                  | mutation. [Xom's grace]
 15920 | D:13     | Gained mutation: You evolve. [Xom's grace]
 15999 | D:13     | XOM: cast spell 'Ring of Flames'
 16082 | D:13     | XOM: cloud trail
 16398 | D:14     | Found a gate to the Vaults.
 16412 | D:14     | XOM: potion effect (berserk rage)
 16432 | D:14     | Reached skill level 14 in Unarmed Combat
 16454 | D:14     | Reached skill level 8 in Armour
 16464 | D:14     | Gained mutation: You heal very quickly. [evolution]
 16562 | D:14     | Paralysed by a floating eye for 2 turns
 16730 | D:14     | Reached skill level 11 in Fighting
 16875 | D:14     | XOM: destruction
 16891 | D:14     | XOM: give mutations
 16891 | D:14     | Lost mutation: Your spells are much harder to cast, but
                  | much more powerful. [Xom's mischief]
 16891 | D:14     | Lost mutation: You have a somewhat thin skeletal structure.
                  | (Dex +2, Stealth) [Xom's mischief]
 16977 | D:14     | XOM: noise
 17019 | D:15     | Entered Level 15 of the Dungeon
 17057 | D:15     | XOM: divination: magic mapping
 17075 | D:15     | XOM: mild Erth miscast
 17077 | D:15     | XOM: confuse monster(s)
 17213 | D:15     | Reached XP level 15. HP: 159/166 MP: 14/14
 17229 | D:15     | XOM: cast spell 'Summon Ice Beast'
 17298 | D:15     | Reached skill level 11 in Dodging
 17525 | D:15     | XOM: divination: detect items
 17597 | D:15     | Found a staircase to the Depths.
 17674 | D:15     | XOM: harmless Erth miscast
 17893 | D:15     | XOM: silly message
 18135 | Swamp:1  | Entered Level 1 of the Swamp
 18140 | Swamp:1  | XOM: divination: detect creatures
 18292 | Swamp:1  | XOM: harmless Summ miscast
 18346 | Swamp:1  | XOM: harmless Summ miscast
 18350 | Swamp:1  | Noticed Josephine
 18361 | Swamp:1  | Killed Josephine
 18361 | Swamp:1  | Reached skill level 9 in Shields
 18464 | Swamp:1  | Found a frozen archway.
 18464 | Swamp:1  | Noticed an azure jelly
 18478 | Swamp:1  | Killed an azure jelly
 18491 | IceCv    | Entered an ice cave
 18499 | IceCv    | XOM: cast spell 'Summon Small Mammal'
 18619 | IceCv    | Noticed an Ice Fiend
 18628 | IceCv    | Killed an Ice Fiend
 18628 | IceCv    | Reached skill level 9 in Armour
 18834 | Swamp:1  | XOM: silly message
 19230 | Swamp:2  | XOM: mild Hex miscast
 19243 | Swamp:2  | XOM: potion effect (agility)
 19253 | Swamp:2  | XOM: silly message
 19397 | Swamp:2  | XOM: potion effect (invisibility)
 19400 | Swamp:2  | XOM: harmless Summ miscast
 19572 | Swamp:2  | XOM: divination: magic mapping
 19605 | Swamp:2  | XOM: divination: detect items
 19674 | Swamp:2  | XOM: harmless Conj miscast
 19858 | Swamp:3  | XOM: noise
 19876 | Swamp:3  | XOM: divination: detect creatures
 19978 | Swamp:3  | XOM: cast spell 'Summon Butterflies'
 19986 | Swamp:3  | XOM: harmless Air miscast
 19989 | Swamp:3  | Reached skill level 15 in Unarmed Combat
 20001 | Swamp:3  | XOM: harmless Erth miscast
 20033 | Swamp:3  | Noticed a tentacled monstrosity
 20033 | Swamp:3  | XOM: cast spell 'Monstrous Menagerie'
 20040 | Swamp:3  | Killed a tentacled monstrosity
 20520 | Swamp:4  | Entered Level 4 of the Swamp
 20523 | Swamp:4  | XOM: enchant monster (good)
 20528 | Swamp:4  | XOM: noise
 20615 | Swamp:4  | Gained mutation: You expend magic power (3 MP) to
                  | strengthen your wands. [evolution]
 20656 | Swamp:4  | XOM: cast spell 'Summon Ice Beast'
 20659 | Swamp:4  | XOM: enchant monster (good)
 20661 | Swamp:4  | Reached skill level 12 in Fighting
 20661 | Swamp:4  | Reached XP level 16. HP: 180/181 MP: 15/15
 20667 | Swamp:4  | XOM: summons friendly white imp
 20675 | Swamp:4  | XOM: polymorph nine-headed hydra -> great orb of eyes
 20689 | Swamp:4  | XOM: divine lightning
 20710 | Swamp:4  | XOM: summons 8 friendly demons
 20713 | Swamp:4  | Reached skill level 12 in Dodging
 20737 | Swamp:4  | XOM: cast spell 'Summon Small Mammal'
 20739 | Swamp:4  | Reached skill level 10 in Armour
 20787 | Swamp:4  | Got a decaying rune of Zot
 20902 | Swamp:4  | XOM: 6-stop teleportation journey
 21030 | Spider:1 | Entered Level 1 of the Spider Nest
 21037 | Spider:1 | XOM: summons 10 friendly demons
 21060 | Lair:3   | HP: 43/181 [redback (9)]
 21065 | Lair:3   | HP: 38/181 [poisoned by a redback]
 21070 | Lair:3   | HP: 43/181 [poisoned by a redback]
 21128 | Lair:3   | XOM: fog
 21131 | Lair:3   | XOM: polymorph redback -> dream sheep
 21184 | Lair:3   | XOM: fog
 21213 | Lair:3   | XOM: scenery: create altars
 21306 | Lair:3   | Paralysed by a hornet for 3 turns
 21337 | Spider:1 | XOM: harmless Ice miscast
 21343 | Spider:1 | XOM: confuse monster(s)
 21358 | Spider:1 | XOM: destruction
 21363 | Spider:1 | XOM: confuse monster(s)
 21377 | Spider:1 | XOM: cast spell 'Call Canine Familiar'
 21389 | Spider:1 | XOM: enchant monster (good)
 21397 | Spider:1 | XOM: enchant monster (good)
 21595 | Spider:1 | XOM: blink monster(s)
 21820 | Spider:1 | XOM: god gift: 3 rations
 21832 | Spider:2 | Noticed Agnes
 21837 | Spider:2 | Killed Agnes
 22087 | Spider:2 | XOM: confuse monster(s)
 22120 | Spider:2 | Reached skill level 16 in Unarmed Combat
 22178 | Spider:2 | XOM: noise
 22224 | Spider:2 | XOM: cleaving
 22316 | Spider:2 | XOM: 1-stop teleportation journey
 22326 | Spider:2 | Reached skill level 1 in Evocations
 22334 | Spider:2 | XOM: cleaving
 22352 | Spider:2 | Reached skill level 2 in Evocations
 22467 | Spider:2 | XOM: divination: detect creatures
 22588 | Spider:3 | Reached skill level 3 in Evocations
 22588 | Spider:3 | HP: 45/183 [entropy weaver (7)]
 22652 | Spider:2 | HP: 36/183 [wolf spider (10)]
 22656 | Spider:2 | HP: 12/274 [wolf spider (6)]
 22661 | Spider:2 | HP: 9/183 [poisoned by a redback]
 22666 | Spider:2 | HP: 19/183 [poisoned by a redback]
 22671 | Spider:2 | HP: 37/183 [poisoned by a redback]
 22676 | Spider:2 | XOM: god gift: embroidered robe {god gift}
 22709 | Spider:3 | XOM: enchant monster (good)
 22713 | Spider:3 | Reached XP level 17. HP: 191/192 MP: 18/18
 22719 | Spider:3 | XOM: destruction
 22726 | Spider:2 | XOM: cast spell 'Discord'
 22728 | Spider:2 | HP: 48/192 [wolf spider (20)]
 22733 | Spider:2 | HP: 32/192 [poisoned by a redback]
 22738 | Spider:2 | HP: 44/192 [poisoned by a redback]
 22807 | Spider:2 | XOM: summons 1 hostile shadow creature
 22821 | Spider:3 | Reached skill level 4 in Evocations
 22850 | Spider:3 | XOM: enchant monster (bad)
 22854 | Spider:3 | XOM: mild Fire miscast
 22878 | Spider:3 | XOM: enchant monster (bad)
 22930 | Spider:3 | XOM: summons 2 friendly demons
 22937 | Spider:3 | XOM: confuse monster(s)
 23106 | Spider:3 | Reached skill level 5 in Evocations
 23167 | Spider:3 | XOM: divination: detect creatures
 23360 | Spider:3 | XOM: scenery: create altars
 23362 | Spider:3 | XOM: give mutations
 23362 | Spider:3 | Gained mutation: You are surrounded by a mild repulsion
                  | field. (EV +2) [Xom's grace]
 23362 | Spider:3 | Gained mutation: Your spells are much harder to cast, but
                  | much more powerful. [Xom's grace]
 23362 | Spider:3 | Gained mutation: You rapidly evolve. [Xom's grace]
 23550 | Spider:4 | Entered Level 4 of the Spider Nest
 23555 | Spider:4 | XOM: polymorph tarantella -> redback
 23723 | Spider:4 | Reached skill level 6 in Evocations
 23756 | Spider:4 | XOM: polymorph wolf spider -> anaconda
 23761 | Spider:4 | XOM: polymorph anaconda -> shapeshifter
 23776 | Spider:4 | Found a runed translucent gate.
 23776 | Spider:4 | Found a runed translucent gate.
 23776 | Spider:4 | XOM: 3-stop teleportation journey
 23791 | Spider:4 | XOM: 1-stop teleportation journey
 23804 | Spider:4 | XOM: divination: detect items
 23839 | Spider:4 | XOM: swap monsters
 23851 | Spider:4 | XOM: give mutations
 23851 | Spider:4 | Lost mutation: You are robust. (+10% HP) [Xom's mischief]
 23851 | Spider:4 | Lost mutation: Your skin changes colour to match your
                  | surroundings (Stealth+). [Xom's mischief]
 23851 | Spider:4 | Lost mutation: Your muscles are very strong. (Str +4)
                  | [Xom's mischief]
 23851 | Spider:4 | Lost mutation: You have very sharp teeth. [Xom's mischief]
 23875 | Spider:4 | XOM: destruction
 23904 | Spider:4 | XOM: scenery: create altars
 23909 | Spider:4 | Reached skill level 7 in Evocations
 23916 | Spider:4 | XOM: repel stairs
 23931 | Spider:4 | XOM: 2-stop teleportation journey
 23946 | Spider:4 | XOM: blink monster(s)
 23950 | Spider:4 | XOM: cleaving
 23952 | Spider:4 | XOM: swap monsters
 23965 | Spider:4 | XOM: swap monsters
 24212 | Spider:4 | XOM: destruction
 24223 | Spider:4 | XOM: enchant monster (good)
 24223 | Spider:4 | HP: 32/175 [emperor scorpion (14)]
 24228 | Spider:4 | HP: 22/175 [poisoned by an emperor scorpion]
 24228 | Spider:4 | Reached skill level 13 in Fighting
 24233 | Spider:4 | HP: 30/176 [poisoned by an emperor scorpion]
 24238 | Spider:4 | HP: 41/176 [poisoned by an emperor scorpion]
 24334 | Spider:4 | XOM: swap monsters
 24422 | Spider:4 | XOM: summons 1 hostile demon
 24428 | Spider:4 | XOM: summons friendly shadow imp
 24507 | Spider:4 | Reached skill level 13 in Dodging
 24566 | Spider:4 | Got a gossamer rune of Zot
 24624 | Spider:4 | Found a runed translucent gate.
 24626 | Spider:4 | Noticed mhoghedin's ghost (adept TrCK)
 24645 | Spider:4 | XOM: 2-stop teleportation journey
 24680 | Spider:4 | XOM: harmless Summ miscast
 24697 | Spider:4 | XOM: blink monster(s)
 24705 | Spider:4 | Killed mhoghedin's ghost
 24706 | Spider:4 | XOM: harmless Ice miscast
 24797 | Spider:4 | XOM: summons friendly iron imp
 24817 | Spider:4 | XOM: mild Erth miscast
 25115 | Orc:1    | Entered Level 1 of the Orcish Mines
 25115 | Orc:1    | Found Coisogei's Food Shop.
 25285 | Orc:1    | XOM: 1-stop teleportation journey
 25535 | Orc:1    | Found a flagged portal.
 25535 | Orc:1    | Noticed Urug
 25536 | Orc:1    | XOM: chaos upgrade
 25545 | Bailey   | Entered a bailey
 25671 | Bailey   | XOM: mild Fire miscast
 25777 | Bailey   | XOM: noise
 25864 | Bailey   | XOM: summons 8 hostile demons
 25882 | Orc:1    | Cast into level 1 of the Abyss (orc)
 25900 | Abyss:1  | XOM: chaos cloud
 25960 | Abyss:1  | Reached XP level 18. HP: 181/187 MP: 20/22
 26045 | Abyss:1  | XOM: give mutation
 26045 | Abyss:1  | Lost mutation: Your muscles are strong. (Str +2) [Xom's
                  | mischief]
 26104 | Abyss:1  | XOM: noise
 26331 | Abyss:1  | XOM: swap monsters
 26332 | Abyss:1  | XOM: summons friendly white imp
 26342 | Abyss:1  | XOM: give mutation
 26342 | Abyss:1  | Lost mutation: You expend magic power (3 MP) to strengthen
                  | your wands. [Xom's mischief]
 26366 | Abyss:1  | XOM: smoke on damage
 26575 | Abyss:1  | XOM: enchant monster (bad)
 26723 | Abyss:2  | XOM: blink monster(s)
 26760 | Abyss:2  | XOM: polymorph large abomination -> large abomination
 26810 | Abyss:2  | XOM: enchant monster (good)
 26839 | Abyss:2  | Reached skill level 17 in Unarmed Combat
 26846 | Abyss:2  | XOM: enchant monster (bad)
 26967 | Abyss:2  | XOM: summons friendly iron imp
 26976 | Abyss:2  | XOM: polymorph something unseen -> cacodemon
 26977 | Abyss:2  | XOM: cast spell 'Monstrous Menagerie'
 26978 | Abyss:2  | Gained mutation: You are weak. (Str -2) [a cacodemon]
 26983 | Abyss:2  | XOM: divination: detect creatures
 26986 | Abyss:2  | Paralysed by accursed screaming for 1 turns
 27098 | Abyss:2  | Got an encrusted large shield
 27104 | Abyss:2  | Identified the +0 large shield of Compassion {rF- rCorr
                  | Str+6} (You acquired it on level 2 of the Abyss)
 27205 | Abyss:3  | Reached skill level 14 in Fighting
 27205 | Abyss:3  | XOM: cast spell 'Summon Horrible Things'
 27237 | Abyss:3  | XOM: enchant monster (good)
 27261 | Abyss:3  | Got an abyssal rune of Zot
 27281 | Abyss:3  | Found a corrupted altar of Lugonu.
 27299 | Abyss:3  | XOM: smoke on damage
 27308 | Abyss:3  | XOM: summons friendly crimson imp
 27326 | Abyss:3  | XOM: blink monster(s)
 27329 | Abyss:3  | XOM: noise
 27344 | Abyss:3  | XOM: summons friendly iron imp
 27423 | Abyss:3  | XOM: cleaving
 27575 | Abyss:3  | XOM: fake destruction
 27633 | Abyss:3  | XOM: enchant monster (good)
 27685 | Abyss:3  | XOM: scenery: create altars
 27857 | Abyss:3  | XOM: enchant monster (good)
 27861 | Abyss:3  | XOM: cleaving
 27884 | Abyss:3  | XOM: divine lightning
 27889 | Abyss:3  | XOM: cleaving
 27909 | Abyss:3  | XOM: scenery: create altars
 27935 | Abyss:3  | Reached skill level 10 in Shields
 27946 | Abyss:3  | XOM: scenery: create altars
 27987 | Abyss:3  | XOM: god gift: 330 gold pieces
 28037 | Abyss:3  | XOM: cast spell 'Call Canine Familiar'
 28099 | Abyss:3  | Reached XP level 19. HP: 198/198 MP: 23/23
 28107 | Abyss:3  | XOM: potion effect (brilliance)
 28108 | Abyss:3  | Noticed a bone dragon
 28123 | Abyss:3  | XOM: harmless Pois miscast
 28125 | Abyss:3  | XOM: give mutations
 28125 | Abyss:3  | Lost mutation: You are resistant to hostile enchantments.
                  | (MR+) [Xom's mischief]
 28125 | Abyss:3  | Lost mutation: Your spells are much harder to cast, but
                  | much more powerful. [Xom's mischief]
 28125 | Abyss:3  | Lost mutation: Your flesh is almost immune to the effects
                  | of heat. (rF+++) [Xom's mischief]
 28126 | Abyss:3  | XOM: mild Air miscast
 28132 | Abyss:3  | Killed a bone dragon
 28248 | Abyss:3  | Noticed a lich
 28269 | Abyss:3  | Paralysed by a lich for 5 turns
 28271 | Abyss:3  | HP: 46/198 [small abomination (19)]
 28272 | Abyss:3  | XOM: polymorph sixfirhy -> soul eater
 28272 | Abyss:3  | HP: 22/198 [small abomination (2)]
 28273 | Abyss:3  | Slain by a tentacled starspawn

Levels and vault maps discovered:
D:1:      minmay_arrival_checkered_box, layout_basic
D:2:      minmay_evil_eye, layout_rooms, first_ration,
          chequers_ecumenical_altar_simple, uniq_natasha
D:3:      layout_basic, grunt_temple_overflow_open
D:4:      layout_loops_ring, overflow_temple_1_default,
          ebering_ghost_disaster_area, cheibrodos_gnoll_hut
D:5:      layout_basic
D:6:      layout_cave_pools, gup_sewer_entry_bowl
D:7:      layout_cave_pools, minmay_temple_entry_proselytizer,
          corexii_leaking_fountain
D:8:      layout_loops_ring, hangedman_pestilent_swarm
D:9:      layout_gridville, kennysheep_mini_moat, serial_shops,
          nicolae_shop_behind_doors, shop, nicolae_shop_trees
D:10:     layout_rooms, orc_david_3, basic_altar, hangedman_misty_isle
D:11:     layout_basic, lair_entry_dummy
D:12:     layout_basic, minmay_shop_enchanted_jewellery, uniq_erolcha
D:13:     layout_stronghold, enter_trove_2, basic_altar, due_unseen_surprise,
          uniq_nessos
D:14:     layout_roguey, lightli_vaults_fourway_checkpoint, disabler_island
D:15:     grunt_enter_depths_hoard, layout_basic, minmay_crystal_room
Lair:1:   layout_cave_pods
Lair:2:   lemuel_reptile_caves, layout_hall_layers, st_stairs_5,
          grunt_megastairs_4, lemuel_fruit_fields, infiniplex_staircase_pool_2
Lair:3:   minmay_lair_venomous_thicket, layout_hall_layers,
          minmay_swamp_entry_worms, spider_nest_entry_web_field
Lair:4:   layout_regular_city
Lair:5:   layout_loops_ring, roderic_batcave, uniq_sonja
Lair:6:   evilmike_catoblepas_cave, layout_hall_layers, slime_altar_1,
          minmay_another_anthill, serial_bayou_shore_b, serial_bayou_shore_b
Swamp:1:  layout_basic_swamp, portal_ice_cave_entry_frozen_things,
          evilmike_swamp_ruin_house_5, infiniplex_staircase_pool, uniq_josephine
Swamp:2:  layout_falls_marsh, evilmike_swamp_ruin_house_4
Swamp:3:  cheibrodos_swamp_monstrosity, layout_basic_swamp,
          evilmike_swamp_ruin_house_1
Swamp:4:  swamp_alternative, layout_basic_swamp, uniq_mara
Spider:1: layout_spider_delve
Spider:2: layout_spider_delve, uniq_agnes
Spider:3: layout_spider_delve
Spider:4: guppyfry_spider_rune, gammafunk_ghost_necromancy, nicolae_spider_shape
Orc:1:    layout_caves, serial_shops, shop, enter_bailey_2, uniq_urug
Abyss:3:  nicolae_abyss_rune_left_handed

Skill      XL: |  1  2  3  4  5  6  7  8  9 10 11 12 13 14 15 16 17 18 |
---------------+-------------------------------------------------------+-----
Unarmed Combat | 4 5 7 8 9 11 12 13 14 15 16 17 | 17.9
Shields        | 2 4 6 7 8 9 10 | 10.5
Fighting       | 3 5 6 8 9 10 11 12 13 14 | 14.7
Dodging        | 2 4 6 7 8 9 10 11 12 13 | 13.7
Armour         | 2 5 6 8 9 10 | 10.1
Evocations     | 3 7 |  7.2

Action                   |  1- 3 |  4- 6 |  7- 9 | 10-12 | 13-15 | 16-18 | 19-21 || total
-------------------------+-------+-------+-------+-------+-------+-------+-------++-------
Melee: Unarmed           |    70 |   122 |   370 |   625 |   999 |  1663 |    92 ||  3941
       Punch             |       |     1 |       |    18 |    38 |    18 |       ||    75
       Bite              |       |       |    36 |    89 |   155 |    77 |       ||   357
       Executioner's axe |       |       |     2 |       |       |       |       ||     2
       Kick              |       |       |       |   115 |   434 |   683 |    40 ||  1272
 Fire: Arbalest          |       |       |       |    31 |    25 |    39 |       ||    95
Evoke: Wand              |     1 |       |     1 |     3 |       |    15 |       ||    20
       Lamp of fire      |       |       |       |       |     2 |     2 |       ||     4
  Use: Scroll            |       |     6 |     1 |    17 |    15 |    12 |     1 ||    52
       Potion            |       |     4 |     1 |     3 |     1 |     5 |       ||    14
 Stab: Confused          |     1 |       |     4 |     1 |     2 |     2 |       ||    10
       Sleeping          |       |     2 |     1 |     3 |    14 |       |       ||    20
       Paralysed         |       |       |       |     1 |       |       |       ||     1
       Distracted        |       |       |       |     1 |     4 |     2 |     1 ||     8
       Invisible         |       |       |       |       |     1 |     4 |       ||     5
       Petrifying        |       |       |       |       |       |     2 |       ||     2
  Eat: Chunk             |     7 |    12 |    27 |    59 |    60 |    58 |     6 ||   229
       Ration            |     1 |       |     1 |     1 |    10 |     2 |       ||    15
Armor: Robe              |    49 |    66 |   167 |    73 |   216 |   444 |    16 ||  1031
       Skin              |       |     2 |     1 |       |       |       |       ||     3
       Troll leather arm |       |       |       |    96 |    59 |       |       ||   155
       Steam dragon scal |       |       |       |    26 |       |       |       ||    26
Dodge: Dodged            |    31 |    43 |    67 |   244 |   672 |  1178 |    39 ||  2274
Block: Large shield      |       |    53 |   145 |   322 |       |   228 |    69 ||   817
       Shield            |       |       |       |       |   310 |   912 |       ||  1222

Table legend:
 A = Non-vault XP
 B = Vault XP
 C = Vault XP percentage of total XP
 D = Non-vault monster count
 E = Vault monster count
 F = Vault count percentage of total count
                 A         B        C        D         E       F
            +---------+---------+-------+---------+---------+-------
      Total |  280816 |  114638 |  29.0 |    1085 |     349 |  24.3
            +---------+---------+-------+---------+---------+-------
        D:1 |      20 |       0 |   0.0 |      10 |       0 |   0.0
        D:2 |      79 |      56 |  41.5 |      20 |       5 |  20.0
        D:3 |     338 |       0 |   0.0 |      26 |       0 |   0.0
        D:4 |     834 |     419 |  33.4 |      27 |       4 |  12.9
        D:5 |     490 |       0 |   0.0 |      18 |       0 |   0.0
        D:6 |     681 |      29 |   4.1 |      30 |       4 |  11.8
        D:7 |     927 |      43 |   4.4 |      33 |       1 |   2.9
        D:8 |    1941 |     750 |  27.9 |      29 |       4 |  12.1
        D:9 |    3860 |       0 |   0.0 |      44 |       0 |   0.0
       D:10 |    2807 |    1166 |  29.3 |      23 |      11 |  32.4
       D:11 |    3428 |       0 |   0.0 |      34 |       0 |   0.0
       D:12 |    7216 |     995 |  12.1 |      35 |       1 |   2.8
       D:13 |    8579 |     711 |   7.7 |      60 |       1 |   1.6
       D:14 |    9193 |    6693 |  42.1 |      24 |      14 |  36.8
       D:15 |   11681 |    2091 |  15.2 |      32 |       2 |   5.9
     Lair:1 |    2366 |       0 |   0.0 |      11 |       0 |   0.0
     Lair:2 |    3898 |    2688 |  40.8 |      17 |      36 |  67.9
     Lair:3 |   15112 |    2578 |  14.6 |      55 |      16 |  22.5
     Lair:4 |    1450 |       0 |   0.0 |       7 |       0 |   0.0
     Lair:5 |    6433 |    7553 |  54.0 |      17 |      24 |  58.5
     Lair:6 |    2618 |    9604 |  78.6 |      13 |      28 |  68.3
    Swamp:1 |    5538 |    4513 |  44.9 |      22 |       8 |  26.7
    Swamp:2 |    9569 |       0 |   0.0 |      26 |       0 |   0.0
    Swamp:3 |    8021 |    2122 |  20.9 |      28 |       1 |   3.4
    Swamp:4 |    3673 |   15048 |  80.4 |      13 |      23 |  63.9
   Spider:1 |   16073 |       0 |   0.0 |      48 |       0 |   0.0
   Spider:2 |   19290 |    1951 |   9.2 |      47 |       1 |   2.1
   Spider:3 |   13539 |       0 |   0.0 |      39 |       0 |   0.0
   Spider:4 |   14814 |   32840 |  68.9 |      37 |      61 |  62.2
      Orc:1 |    8299 |       0 |   0.0 |      49 |       0 |   0.0
    Abyss:1 |   17642 |       0 |   0.0 |      55 |       0 |   0.0
    Abyss:2 |   17980 |       0 |   0.0 |      55 |       0 |   0.0
    Abyss:3 |   62427 |    9723 |  13.5 |     101 |      11 |   9.8
     Bailey |       0 |    3791 | 100.0 |       0 |      69 | 100.0
      IceCv |       0 |    9274 | 100.0 |       0 |      24 | 100.0
            +---------+---------+-------+---------+---------+-------

Levels and vault maps discovered:
D:1:      minmay_arrival_checkered_box, layout_basic
D:2:      minmay_evil_eye, layout_rooms, first_ration,
          chequers_ecumenical_altar_simple, uniq_natasha
D:3:      layout_basic, grunt_temple_overflow_open
D:4:      layout_loops_ring, overflow_temple_1_default,
          ebering_ghost_disaster_area, cheibrodos_gnoll_hut
D:5:      layout_basic
D:6:      layout_cave_pools, gup_sewer_entry_bowl
D:7:      layout_cave_pools, minmay_temple_entry_proselytizer,
          corexii_leaking_fountain
D:8:      layout_loops_ring, hangedman_pestilent_swarm
D:9:      layout_gridville, kennysheep_mini_moat, serial_shops,
          nicolae_shop_behind_doors, shop, nicolae_shop_trees
D:10:     layout_rooms, orc_david_3, basic_altar, hangedman_misty_isle
D:11:     layout_basic, lair_entry_dummy
D:12:     layout_basic, minmay_shop_enchanted_jewellery, uniq_erolcha
D:13:     layout_stronghold, enter_trove_2, basic_altar, due_unseen_surprise,
          uniq_nessos
D:14:     layout_roguey, lightli_vaults_fourway_checkpoint, disabler_island
D:15:     grunt_enter_depths_hoard, layout_basic, minmay_crystal_room
Lair:1:   layout_cave_pods
Lair:2:   lemuel_reptile_caves, layout_hall_layers, st_stairs_5,
          grunt_megastairs_4, lemuel_fruit_fields, infiniplex_staircase_pool_2
Lair:3:   minmay_lair_venomous_thicket, layout_hall_layers,
          minmay_swamp_entry_worms, spider_nest_entry_web_field
Lair:4:   layout_regular_city
Lair:5:   layout_loops_ring, roderic_batcave, uniq_sonja
Lair:6:   evilmike_catoblepas_cave, layout_hall_layers, slime_altar_1,
          minmay_another_anthill, serial_bayou_shore_b, serial_bayou_shore_b
Swamp:1:  layout_basic_swamp, portal_ice_cave_entry_frozen_things,
          evilmike_swamp_ruin_house_5, infiniplex_staircase_pool, uniq_josephine
Swamp:2:  layout_falls_marsh, evilmike_swamp_ruin_house_4
Swamp:3:  cheibrodos_swamp_monstrosity, layout_basic_swamp,
          evilmike_swamp_ruin_house_1
Swamp:4:  swamp_alternative, layout_basic_swamp, uniq_mara
Spider:1: layout_spider_delve
Spider:2: layout_spider_delve, uniq_agnes
Spider:3: layout_spider_delve
Spider:4: guppyfry_spider_rune, gammafunk_ghost_necromancy, nicolae_spider_shape
Orc:1:    layout_caves, serial_shops, shop, enter_bailey_2, uniq_urug
Abyss:3:  nicolae_abyss_rune_left_handed

Table legend:
 A = Turns spent in this place as a percentage of turns spent in the entire game.
 B = Non-inter-level travel turns spent in this place as a percentage of non-inter-level travel turns spent in the entire game.
 C = Inter-level travel turns spent in this place as a percentage of turns spent in this place.
 D = Turns resting spent in this place as a percentage of non-inter-level travel turns spent in this place.
 E = Turns spent auto-exploring this place as a percentage of non-inter-level travel turns spent in this place.
 F = Non-inter-level travel turns spent in this place divided by the number of levels of this place that you've seen.
                   A       B       C       D       E      F
               +-------+-------+-------+-------+-------+----------------------
         Total | 100.0 | 100.0 |   7.4 |   6.2 |  58.1 | 747.6
       Dungeon |  44.8 |  43.8 |   9.6 |   4.5 |  66.9 | 763.7
          Lair |  20.9 |  20.6 |   9.1 |   8.4 |  65.7 | 896.5
         Swamp |   8.9 |   9.1 |   5.5 |   0.0 |  69.2 | 595.8
   Spider Nest |  13.0 |  13.2 |   5.7 |  11.7 |  38.7 | 866.8
  Orcish Mines |   1.5 |   1.6 |   0.0 |   0.0 |  50.1 | 431.0
         Abyss |   8.5 |   9.1 |   0.0 |  10.5 |  25.6 | 797.0
        Bailey |   1.2 |   1.3 |   0.0 |   0.0 |  28.3 | 336.0
      Ice Cave |   1.1 |   1.2 |   0.0 |   0.0 |  32.1 | 324.0
               +-------+-------+-------+-------+-------+----------------------

Table legend:
 A = Kills in this place as a percentage of kills in entire the game.
 B = Kills by you in this place as a percentage of kills by you in the entire game.
 C = Kills by friends in this place as a percentage of kills by friends in the entire game.
 D = Other kills in this place as a percentage of other kills in the entire game.
 E = Experience gained in this place as a percentage of experience gained in the entire game.
 F = Experience gained in this place divided by the number of levels of this place that you have seen.
                   A       B       C       D       E      F
               +-------+-------+-------+-------+-------+----------------------
         Total | 100.0 | 100.0 | 100.0 | 100.0 | 100.0 | 11298.7
       Dungeon |  34.3 |  33.8 |  50.0 |  58.3 |  16.4 | 4335.1
          Lair |  15.6 |  16.0 |   3.3 |   0.0 |  13.7 | 9050.0
         Swamp |   8.4 |   8.5 |   6.7 |   0.0 |  12.3 | 12121.0
   Spider Nest |  16.2 |  16.1 |  23.3 |  16.7 |  24.9 | 24626.8
  Orcish Mines |   3.4 |   3.5 |   0.0 |   0.0 |   2.1 | 8299.0
         Abyss |  15.5 |  15.4 |  16.7 |  25.0 |  27.3 | 35924.0
        Bailey |   4.8 |   5.0 |   0.0 |   0.0 |   1.0 | 3791.0
      Ice Cave |   1.7 |   1.7 |   0.0 |   0.0 |   2.3 | 9274.0
               +-------+-------+-------+-------+-------+----------------------
